 Dungeon Crawl Stone Soup version 0.28.0-45-g0d030f2227 (webtiles) character file.

Game seed: 11826042383734265735

4944 Ablot the Slicer (level 10, -2/82 HPs)
             Began as a Gnoll Chaos Knight on Apr 16, 2022.
             Was a Plaything of Xom.
             Succumbed to barbed spike wounds
             ... on level 8 of the Dungeon.
             The game lasted 00:17:33 (8862 turns).

Ablot the Slicer (Gnoll Chaos Knight)               Turns: 8862, Time: 00:17:34

Health: -2/82      AC: 11    Str: 14    XL:     10   Next: 52%
Magic:  18/18      EV: 12    Int: 12    God:    Xom [......]
Gold:   497        SH:  0    Dex: 11    Spells: 15/19 levels left

rFire   + . .      SeeInvis +   a - +0 short sword (chaos)
rCold   + . .      Faith    .   (no shield)
rNeg    . . .      Spirit   .   L - +2 ring mail {rF+}
rPois   .          Reflect  .   D - +0 helmet
rElec   .          Harm     .   (no cloak)
rCorr   .          Rampage  .   (no gloves)
Will    .....      Rnd*Tele +   q - +0 pair of boots
Stlth   ++........              (no amulet)
HPRegen 0.23/turn               t - ring of protection from cold
MPRegen 0.16/turn               z - ring of see invisible

@: spiked, invisible
A: fangs 1, strong nose, distributed training, talons 1, dopey 1, passive
freeze, screaming 1, teleportitis 1, no potion heal 1, noise suppression
a: Renounce Religion


You were on level 8 of the Dungeon.
You worshipped Xom.
You were a very special plaything of Xom.
You visited 1 branch of the dungeon, and saw 8 of its levels.

You collected 497 gold pieces.

Inventory:

Hand Weapons
 a - a +0 short sword of chaos (weapon)
 F - a +1 rapier of venom
 S - the +7 glaive "Ohainwuh" {vorpal, SInv}
   (You took it off an orc warrior on level 8 of the Dungeon)

   It inflicts extra damage upon your enemies.
   SInv:      It lets you see invisible.
Missiles
 c - 311 stones
 p - 45 bolts
 u - 91 sling bullets
 w - 109 arrows
 A - 22 poisoned darts (quivered)
 O - 2 boomerangs
 P - 5 curare-tipped darts
Armour
 q - a +0 pair of boots (worn)
 D - a +0 helmet (worn)
 L - a +2 ring mail of fire resistance (worn)
Jewellery
 t - a ring of protection from cold (left hand)
 z - a ring of see invisible (right hand)
 E - a ring of fire
Wands
 h - a wand of acid (7)
 G - a wand of paralysis (4)
 I - a wand of flame (7)
 J - a wand of iceblast (7)
 Q - a wand of polymorph (9)
 R - a wand of mindburst (12)
Scrolls
 b - a scroll of fear {unknown}
 e - 3 scrolls of magic mapping {unknown}
 i - a scroll of amnesia {unknown}
 j - 3 scrolls of teleportation {unknown}
 k - a scroll of acquirement {unknown}
 l - a scroll of blinking {unknown}
 m - 2 scrolls of enchant weapon {unknown}
 n - 2 scrolls of holy word {unknown}
 r - 2 scrolls of immolation {unknown}
 s - 2 scrolls of enchant armour {unknown}
 y - 4 scrolls of fog {unknown}
 B - a scroll of torment {unknown}
Potions
 d - 2 potions of might
 f - 4 potions of curing
 g - 3 potions of brilliance
 o - 2 potions of invisibility
 v - 2 potions of magic
 x - 2 potions of flight
 C - a potion of degeneration {unknown}
 H - 3 potions of mutation
 K - 2 potions of attraction {unknown}
 M - 5 potions of haste
 N - 2 potions of berserk rage {unknown}


   Skills:
 + Level 8.5 Fighting
 + Level 8.5 Short Blades
 + Level 5.3 Long Blades
 + Level 5.3 Axes
 + Level 5.3 Maces & Flails
 + Level 5.3 Polearms
 + Level 5.3 Staves
 + Level 5.3 Slings
 + Level 5.3 Bows
 + Level 5.3 Crossbows
 + Level 5.3 Throwing
 + Level 7.1 Armour
 + Level 6.0 Dodging
 + Level 5.3 Stealth
 + Level 5.3 Shields
 + Level 5.3 Unarmed Combat
 + Level 5.3 Spellcasting
 + Level 4.4 Conjurations
 + Level 4.4 Hexes
 + Level 4.4 Summonings
 + Level 4.4 Necromancy
 + Level 4.4 Translocations
 + Level 4.4 Transmutations
 + Level 4.4 Fire Magic
 + Level 4.4 Ice Magic
 + Level 4.4 Air Magic
 + Level 4.4 Earth Magic
 + Level 4.4 Poison Magic
 + Level 5.9 Invocations
 + Level 5.3 Evocations


You had 15 spell levels left.
You knew the following spells:

 Your Spells              Type           Power      Damage    Failure   Level
a - Ensorcelled Hibernat  Hex/Ice        26%        N/A       9%          2
b - Passwall              Tmut/Erth      10%        N/A       9%          2

Your spell library contained the following spells:

 Spells                   Type           Power      Damage    Failure   Level
 Foxfire                  Conj/Fire      52%        2x1d6     6%          1
 Conjure Flame            Conj/Fire      13%        6-21      17%         3
 Inner Flame              Hex/Fire       13%        N/A       17%         3
 Ozocubu's Armour         Ice            13%        N/A       17%         3
 Swiftness                Air            13%        N/A       17%         3
 Flame Wave               Conj/Fire      13%        2d6       50%         4
 Fulminant Prism          Conj/Hex       6%         3d7       50%         4
 Iskenderun's Mystic Bla  Conj/Tloc      13%        2d5       50%         4
 Lee's Rapid Deconstruct  Erth           6%         3d7*      85%         5
 Metabolic Englaciation   Hex/Ice        6%         N/A       85%         5
 Simulacrum               Ice/Necr       6%         N/A       100%        6


Dungeon Overview and Level Annotations

Branches:
Dungeon (8/15)             Temple (0/1) D:5            Lair (0/6) D:8

Altars:
Elyvilon
Xom


Innate Abilities, Weirdness & Mutations

You have very sharp teeth.
Your uncanny sense of smell can sniff out nearby items.
Your experience applies equally to all skills.
You have sharp toenails.
You are dopey. (Int -2)
A frigid envelope surrounds you and freezes all who hurt you.
You occasionally shout uncontrollably at your foes.
You are occasionally teleported next to monsters.
Potions are less effective at restoring your health.
You passively dampen the noise of your surroundings.


Message History

The quasit closely misses you. The quasit barely misses you. x2
The ufetubus hits you but does no damage.
The ufetubus resists.
The ufetubus is very cold.
The ufetubus is almost dead.
The ufetubus hits you but does no damage.
The ufetubus resists.
The ufetubus is very cold.
You kill the ufetubus!
The ufetubus disappears in a puff of smoke!
The iron imp barely misses you. The quasit barely misses you.
The quasit closely misses you. x2
The red devil hits you from afar with a +0 demon trident!
Barbed spikes become lodged in your body.
Unknown command.
Unknown command.
The barbed spikes dig painfully into your body as you move.
The iron imp hits you!
* * * LOW HITPOINT WARNING * * *
The iron imp resists.
The iron imp is very cold.
The iron imp is lightly wounded.
The red devil misses you. The iron imp hits you.
* * * LOW HITPOINT WARNING * * *
The iron imp resists.
The iron imp is very cold.
The iron imp is almost dead.
The barbed spikes dig painfully into your body as you move.
* * * LOW HITPOINT WARNING * * *
The barbed spikes dig painfully into your body as you move.
* * * LOW HITPOINT WARNING * * *
The iron imp shouts, "Bolt, thou rank bat-fowling flax-wench!"
The quasit completely misses you. The quasit barely misses you. x2
The barbed spikes dig painfully into your body as you move.
* * * LOW HITPOINT WARNING * * *
The iron imp grins evilly.
The barbed spikes dig painfully into your body as you move.
* * * LOW HITPOINT WARNING * * *
You fade into invisibility!
The iron imp closely misses you.
Unknown command.
The barbed spikes dig painfully into your body as you move.
You die...
Xom is highly amused!

........# #......# #....#.
######.###......##########..#.
#.................#....[....#.
#.......##.....##.#.######..#.
#.......##.....4....# ##.#.
#.......##...455....# #.#.
#.......####.##5....# #.#.
#.......#...........# #...
#............@......# #...
#..........P.....P..# #...
#...................# #...
####..........P.....# #...
#......####......#######...
#......#.>#......##........
##.....'.)#......##........
#.....####.....###........
#...........P..# #........


You could see an iron imp (summoned, fast) and an ufetubus (summoned).

Vanquished Creatures
  Pikel (D:7)
  4 yaks
  A steam dragon (D:8)
  Edmund (D:6)
  2 water moccasins
  A hornet zombie (D:5)
  2 orc warriors (D:8)
  The ghost of Descartes the Ruffian, an amateur TrDe (D:5)
  A sky beast (D:7)
  A necrophage (D:6)
  2 black bears
  3 ogres
  A phantom (D:5)
  A centaur (D:4)
  The ghost of Quickbrownfox the Chiller, an amateur DsIE (D:3)
  A lemure (D:7)
  4 bullfrogs
  2 kobold brigands
  3 scorpions
  A wyvern skeleton (D:5)
  3 water moccasin skeletons
  6 wights
  A hound (D:6)
  2 bullfrog skeletons
  2 centaur zombies
  A jelly (D:6)
  5 orc priests
  2 centaur skeletons
  An iguana (D:6)
  Natasha (twice) (D:4)
  8 orc wizards
  A howler monkey zombie (D:8)
  5 gnolls
  A howler monkey skeleton (D:5)
  6 adders
  An adder skeleton (D:3)
  An adder zombie (D:5)
  3 worms
  2 dart slugs
  30 orcs
  3 ball pythons (D:4)
  6 bats
  9 endoplasms
  6 giant cockroaches
  4 goblins
  5 hobgoblins
  10 jackals
  14 kobolds
  3 quokkas
  2 frilled lizards
  5 rats
184 creatures vanquished.

Vanquished Creatures (collateral kills)
  An ogre (D:4)
  A kobold brigand (D:3)
  A bullfrog (D:8)
  A wight (D:8)
  6 kobolds (D:3)
10 creatures vanquished.

Vanquished Creatures (others)
  19 fungi
  18 plants
37 creatures vanquished.

Grand Total: 231 creatures vanquished

Notes
Turn   | Place    | Note
-------+----------+-------------------------------------------
     0 | D:1      | Ablot the Gnoll Chaos Knight began the quest for the Orb.
     0 | D:1      | Reached XP level 1. HP: 23/23 MP: 1/1
    79 | D:1      | XOM: silly message
   102 | D:1      | XOM: scenery: summon butterflies
   107 | D:1      | XOM: divination: detect items
   112 | D:1      | Reached XP level 2. HP: 14/29 MP: 2/2
   396 | D:1      | XOM: summons 2 hostile demons
   765 | D:1      | Found a faded altar of an unknown god.
   781 | D:1      | XOM: divination: detect creatures
   815 | D:1      | Reached XP level 3. HP: 35/35 MP: 3/3
  1082 | D:1      | XOM: give mutations
  1082 | D:1      | Gained mutation: You are weak. (Str -2) [Xom's mischief]
  1082 | D:1      | Gained mutation: You have hidden genetic potential. [Xom's
                  | mischief]
  1082 | D:1      | Gained mutation: A frigid envelope surrounds you and
                  | freezes all who hurt you. [Xom's mischief]
  1082 | D:1      | Gained mutation: You are occasionally teleported next to
                  | monsters. [Xom's mischief]
  1277 | D:2      | Reached skill level 1 in Invocations
  1298 | D:2      | Reached skill level 1 in Long Blades
  1298 | D:2      | Reached skill level 1 in Axes
  1298 | D:2      | Reached skill level 1 in Maces & Flails
  1298 | D:2      | Reached skill level 1 in Polearms
  1298 | D:2      | Reached skill level 1 in Staves
  1298 | D:2      | Reached skill level 1 in Slings
  1298 | D:2      | Reached skill level 1 in Bows
  1298 | D:2      | Reached skill level 1 in Crossbows
  1298 | D:2      | Reached skill level 1 in Throwing
  1298 | D:2      | Reached skill level 1 in Stealth
  1298 | D:2      | Reached skill level 1 in Shields
  1298 | D:2      | Reached skill level 1 in Unarmed Combat
  1298 | D:2      | Reached skill level 1 in Spellcasting
  1298 | D:2      | Reached skill level 1 in Evocations
  1307 | D:2      | Identified the +1 ring mail "Plog" {*Corrode rC- Str+4
                  | Int+6}
  1327 | D:2      | Reached XP level 4. HP: 40/41 MP: 5/5
  1333 | D:2      | Gained mutation: You passively dampen the noise of your
                  | surroundings. [hidden potential]
  1422 | D:2      | XOM: 1-stop teleportation journey
  1424 | D:2      | XOM: 4-stop teleportation journey
  1549 | D:2      | XOM: 1-stop teleportation journey
  1791 | D:2      | Reached skill level 1 in Conjurations
  1791 | D:2      | Reached skill level 1 in Hexes
  1791 | D:2      | Reached skill level 1 in Summonings
  1791 | D:2      | Reached skill level 1 in Necromancy
  1791 | D:2      | Reached skill level 1 in Translocations
  1791 | D:2      | Reached skill level 1 in Transmutations
  1791 | D:2      | Reached skill level 1 in Fire Magic
  1791 | D:2      | Reached skill level 1 in Ice Magic
  1791 | D:2      | Reached skill level 1 in Air Magic
  1791 | D:2      | Reached skill level 1 in Earth Magic
  1791 | D:2      | Reached skill level 1 in Poison Magic
  1798 | D:2      | XOM: summons 2 hostile shadow creatures
  1989 | D:2      | XOM: stat loss: -1 Str (10/11)
  2328 | D:3      | XOM: 1-stop teleportation journey
  2331 | D:3      | Found a runed translucent gate.
  2331 | D:3      | Found a runed translucent gate.
  2331 | D:3      | Found a runed translucent gate.
  2332 | D:3      | Noticed a kobold brigand
  2333 | D:3      | Noticed Quickbrownfox's ghost (amateur DsIE)
  2446 | D:3      | XOM: cloud trail
  2474 | D:3      | Reached XP level 5. HP: 47/47 MP: 6/6
  2582 | D:3      | XOM: god gift: 53 gold pieces
  2684 | D:4      | Noticed a centaur
  2697 | D:4      | Killed a centaur
  2704 | D:4      | Gained mutation: You have large cloven feet. [hidden
                  | potential]
  2704 | D:4      | Lost mutation: You have hidden genetic potential. [hidden
                  | potential expressed]
  2824 | D:4      | XOM: god gift: 21 arrows
  2825 | D:4      | Reached XP level 6. HP: 40/53 MP: 8/8
  2930 | D:4      | Noticed Natasha
  2940 | D:4      | Killed Natasha
  3019 | D:4      | Reached skill level 5 in Armour
  3042 | D:4      | XOM: fake destruction
  3072 | D:4      | Noticed Natasha
  3074 | D:4      | Killed Natasha
  3086 | D:4      | You fall into a shaft and drop 1 floor!
  3086 | D:5      | Entered Level 5 of the Dungeon
  3111 | D:5      | Reached XP level 7. HP: 46/59 MP: 10/10
  3116 | D:5      | XOM: potion effect (might)
  3279 | D:4      | XOM: give mutations
  3279 | D:4      | Lost mutation: You are weak. (Str -2) [Xom's grace]
  3279 | D:4      | Lost mutation: You have large cloven feet. [Xom's grace]
  3279 | D:4      | Gained mutation: You have sharp toenails. [Xom's grace]
  3382 | D:4      | XOM: summons 6 friendly demons
  3386 | D:4      | Reached XP level 8. HP: 67/67 MP: 12/12
  3454 | D:4      | Learned a level 2 spell: Ensorcelled Hibernation
  3457 | D:4      | Learned a level 2 spell: Passwall
  3495 | D:5      | Found a staircase to the Ecumenical Temple.
  3778 | D:5      | Found a runed translucent gate.
  3778 | D:5      | Found a runed translucent gate.
  3778 | D:5      | Found a runed translucent gate.
  3842 | D:5      | XOM: god gift: 28 gold pieces
  4155 | D:5      | XOM: confuse monster(s)
  4479 | D:5      | Noticed Descartes's ghost (amateur TrDe)
  4547 | D:3      | Killed Quickbrownfox's ghost
  4756 | D:5      | XOM: scenery: create altars
  4776 | D:5      | XOM: god gift: copper wand {god gift}
  4793 | D:5      | Killed Descartes's ghost
  4796 | D:5      | Reached XP level 9. HP: 52/72 MP: 14/14
  5210 | D:6      | Noticed Edmund
  5215 | D:6      | XOM: scenery: 2 doors open
  5219 | D:6      | Killed Edmund
  5649 | D:6      | XOM: summons friendly iron imp
  5657 | D:6      | Reached skill level 5 in Dodging
  5936 | D:6      | XOM: enchant monster (bad)
  5950 | D:6      | XOM: give mutations
  5950 | D:6      | Gained mutation: Potions are less effective at restoring
                  | your health. [Xom's mischief]
  5950 | D:6      | Gained mutation: You are dopey. (Int -2) [Xom's mischief]
  5950 | D:6      | Gained mutation: You occasionally shout uncontrollably at
                  | your foes. [Xom's mischief]
  6321 | D:7      | Reached skill level 5 in Invocations
  6878 | D:7      | Reached XP level 10. HP: 50/80 MP: 17/17
  7197 | D:7      | XOM: summons 6 hostile demons
  7582 | D:7      | Found a white marble altar of Elyvilon.
  7965 | D:8      | XOM: noise
  7978 | D:8      | XOM: enchant monster (bad)
  7993 | D:8      | XOM: silly message
  8124 | D:8      | Reached skill level 5 in Long Blades
  8124 | D:8      | Reached skill level 5 in Axes
  8124 | D:8      | Reached skill level 5 in Maces & Flails
  8124 | D:8      | Reached skill level 5 in Polearms
  8124 | D:8      | Reached skill level 5 in Staves
  8124 | D:8      | Reached skill level 5 in Slings
  8124 | D:8      | Reached skill level 5 in Bows
  8124 | D:8      | Reached skill level 5 in Crossbows
  8124 | D:8      | Reached skill level 5 in Throwing
  8124 | D:8      | Reached skill level 5 in Stealth
  8124 | D:8      | Reached skill level 5 in Shields
  8124 | D:8      | Reached skill level 5 in Unarmed Combat
  8124 | D:8      | Reached skill level 5 in Spellcasting
  8124 | D:8      | Reached skill level 5 in Evocations
  8139 | D:8      | XOM: silly message
  8200 | D:8      | XOM: silly message
  8238 | D:8      | XOM: summons friendly quasit
  8421 | D:8      | Noticed Pikel
  8432 | D:8      | XOM: divination: detect items
  8449 | D:7      | XOM: blink monster(s)
  8455 | D:7      | Killed Pikel
  8625 | D:8      | XOM: noise
  8662 | D:8      | Identified the +7 glaive "Ohainwuh" {vorpal, SInv}
  8678 | D:8      | XOM: divination: detect creatures
  8819 | D:8      | Found a staircase to the Lair.
  8851 | D:8      | XOM: summons 6 hostile demons
  8860 | D:8      | HP: 2/82 [barbs]
  8862 | D:8      | Succumbed to barbed spike wounds

Illustrated notes

Levels and vault maps discovered:
D:1:      dpeg_arrival_round_a, layout_loops_ring,
          shapermc_ecumenical_altar_mp_vishouse, grunt_decor_arrowhead,
          st_stairs_5
D:2:      layout_basic, st_stairs_10, amcnicky_mini_corridor_feature
D:3:      layout_basic, gammafunk_ghost_nasty_kobolds,
          kennysheep_generic_room_12
D:4:      layout_gridville, uniq_natasha
D:5:      minmay_general_purpose_star, layout_loops_ring,
          minmay_temple_entry_large_hall, gammafunk_ghost_necromancy
D:6:      layout_gridville, uniq_edmund
D:7:      layout_basic, elyvilon_altar_4
D:8:      layout_basic, grunt_lair_entry_orc_guard_hut, uniq_pikel

Skill      XL: |  1  2  3  4  5  6  7  8  9 10 |
---------------+-------------------------------+-----
Invocations    | 1 2 3 4 5 |  5.9
Long Blades    | 1 2 3 4 5 |  5.3
Axes           | 1 2 3 4 5 |  5.3
Maces & Flails | 1 2 3 4 5 |  5.3
Polearms       | 1 2 3 4 5 |  5.3
Staves         | 1 2 3 4 5 |  5.3
Slings         | 1 2 3 4 5 |  5.3
Bows           | 1 2 3 4 5 |  5.3
Crossbows      | 1 2 3 4 5 |  5.3
Throwing       | 1 2 3 4 5 |  5.3
Stealth        | 1 2 3 4 5 |  5.3
Shields        | 1 2 3 4 5 |  5.3
Unarmed Combat | 1 2 3 4 5 |  5.3
Spellcasting   | 1 2 3 4 5 |  5.3
Evocations     | 1 2 3 4 5 |  5.3
Conjurations   | 1 2 3 4 |  4.4
Hexes          | 1 2 3 4 |  4.4
Summonings     | 1 2 3 4 |  4.4
Necromancy     | 1 2 3 4 |  4.4
Translocations | 1 2 3 4 |  4.4
Transmutations | 1 2 3 4 |  4.4
Fire Magic     | 1 2 3 4 |  4.4
Ice Magic      | 1 2 3 4 |  4.4
Air Magic      | 1 2 3 4 |  4.4
Earth Magic    | 1 2 3 4 |  4.4
Poison Magic   | 1 2 3 4 |  4.4
Dodging        | 3 4 5 6 |  6.0
Armour         | 5 6 7 |  7.1
Fighting       | 7 8 |  8.5
Short Blades   | 7 8 |  8.5

Action                   |  1- 3 |  4- 6 |  7- 9 | 10-12 || total
-------------------------+-------+-------+-------+-------++-------
Melee: Short sword       |    85 |    87 |   307 |   165 ||   644
       Bite              |     7 |     4 |    38 |    18 ||    67
       Punch             |       |     3 |    16 |     9 ||    28
       Kick              |       |     4 |    88 |       ||    92
Throw: Dart              |       |       |     7 |    13 ||    20
       Stone             |       |       |     1 |       ||     1
       Boomerang         |       |       |       |    10 ||    10
  Use: Scroll            |       |       |     6 |     2 ||     8
       Potion            |       |       |       |     1 ||     1
 Stab: Sleeping          |     2 |       |     5 |       ||     7
       Petrified         |       |       |     1 |       ||     1
       Confused          |       |       |     2 |     1 ||     3
       Petrifying        |       |       |     2 |     1 ||     3
Armor: Leather armour    |    29 |    38 |    35 |       ||   102
       Ring mail         |       |       |    33 |    66 ||    99
Dodge: Dodged            |    55 |    38 |   117 |   122 ||   332
